 Dungeon Crawl Stone Soup version 0.28-a0-823-gb444dcf96d (webtiles) character file.

Game seed: 9311483879140603462

28 Zenkrye the Insei (level 3, -6/24 HPs)
             Began as an Octopode Transmuter on Nov 9, 2021.
             Mangled by a phantom (8 damage)
             ... on level 2 of the Dungeon.
             The game lasted 00:04:12 (1329 turns).

Zenkrye the Insei (Octopode Transmuter)             Turns: 1329, Time: 00:04:13

Health: -6/24      AC:  2    Str:  9    XL:     3   Next: 14%
Magic:  2/6        EV: 19    Int: 16    God:
Gold:   48         SH:  0    Dex: 17    Spells: 2/6 levels left

rFire   . . .      SeeInvis .     - Unarmed
rCold   . . .      Faith    .   (shield currently unavailable)
rNeg    . . .      Spirit   .   (helmet currently unavailable)
rPois   x          Reflect  .   (no amulet)
rElec   .          Harm     .   (no ring)
rCorr   .          Rampage  .   (no ring)
Will    .....                   (no ring)
Stlth   +.........              (no ring)
HPRegen 0.08/turn               (no ring)
MPRegen 0.10/turn               (no ring)
                                (no ring)
                                (no ring)

@: spider-form, hasted, slow
A: venomous fangs, almost no armour, (amphibious), 8 rings, tiny, (camouflage
1), (gelatinous body 1), (nimble swimmer 1), (tentacles)
a: End Transformation


You were on level 2 of the Dungeon.
You were a venomous arachnid creature.
You visited 1 branch of the dungeon, and saw 3 of its levels.

You collected 48 gold pieces.

Inventory:

Missiles
 c - a throwing net {!f}
 g - 49 stones (quivered)
Scrolls
 i - a scroll of identify {@r1}
Potions
 d - a potion of flight
 f - a potion of ambrosia {unknown}


   Skills:
 - Level 1.8 Fighting
 - Level 2.1 Dodging
 - Level 3.4 Unarmed Combat
 - Level 2.1 Spellcasting
 + Level 2.2 Transmutations
 + Level 0.4 Poison Magic


You had 2 spell levels left.
You knew the following spells:

 Your Spells              Type           Power      Damage    Failure   Level
a - Beastly Appendage     Tmut           16%        N/A       22%         1
b - Spider Form           Tmut/Pois      5%         N/A       56%         3

Your spell library contained the following spells:

 Spells                   Type           Power      Damage    Failure   Level
 Wereblood                Tmut           8%         N/A       28%         2
 Ice Form                 Ice/Tmut       5%         N/A       91%         4
 Summon Lightning Spire   Summ/Air       1%         N/A       97%         4
 Storm Form               Tmut/Air       2%         N/A       100%        7
 Maxwell's Capacitive Co  Air            0%         ∞         100%        8


Dungeon Overview and Level Annotations

Branches:
Dungeon (3/15)

Altars:

Annotations:
D:2 Terence


Innate Abilities, Weirdness & Mutations

You are a venomous arachnid creature.
You have poisonous fangs.
You are tiny and dextrous.
Your spellcasting is less reliable in this form.
Your armour is entirely melded.
You are incapable of wielding weapons or throwing items.
You cannot wear most types of armour.
((You are amphibious.))
You can wear up to eight rings at the same time.
((Your skin changes colour to match your surroundings (Stealth+).))
((Your rubbery body absorbs attacks. (AC +1, EV +1)))
((You are camouflaged near water. (Stealth+)))
((You have tentacles for arms and can constrict up to eight enemies at once.))


Message History

Floosh!
You miss the phantom.
The phantom is heavily damaged.
You tentacle-slap the phantom.
You tentacle-slap the phantom, but do no damage.
The phantom is heavily damaged.
The phantom hits you.
You closely miss the phantom.
The phantom is heavily damaged.
The phantom hits you.
The phantom blinks!
You blink.
Floosh!
You barely miss the phantom. You squeeze the phantom.
The phantom is severely damaged.
The phantom hits you.
* * * LOW HITPOINT WARNING * * *
It was a potion of haste.
You feel yourself speed up. The phantom barely misses you.
Casting: Spider Form (extremely dangerous; 34% risk of failure)
Confirm with . or Enter, or press ? or * to list all spells.
The spell is extremely dangerous to cast (34% risk of failure)!
Continue anyway?
You turn into a venomous arachnid creature.
The phantom hits you.
* * * LOW HITPOINT WARNING * * *
The phantom blinks!
You blink.
You enter the shallow water.
Moving in this stuff is going to be slow.
You cannot enter water in your current form.
You closely miss the phantom.
The phantom is severely damaged.
You hit the phantom.
The phantom is severely damaged.
The phantom misses you.
Your unstable footing causes you to fumble your attack.
You hit the phantom.
The phantom is almost destroyed.
The phantom closely misses you.
You hit the phantom.
The phantom is almost destroyed.
The phantom hits you!
You die...

...#####...# ..
.####.........# ## .
...#####..#### ##.
#.#.##......... ##..
#.#....##..####
..###.###..##..#
#.#.....#..##..##
#.#######..##......
##Ws≈≈≈≈≈≈..##.#####
##
###..#######..........
..
#....#.....#.###.#####
#. #....###.###.# #.#
#.###......#.#...# #.#
#........#.#.#...# #.#
#..[.....#...........#
#........#......######
#####...>.@.........#


You could see a phantom.

Vanquished Creatures
  A worm (D:2)
  A dart slug (D:1)
  An endoplasm (D:1)
  A giant cockroach (D:1)
  4 goblins
  3 hobgoblins
  2 quokkas (D:1)
  A ball python (D:1)
  2 bats
  A frilled lizard (D:2)
  2 kobolds
  3 rats
22 creatures vanquished.

Notes
Turn   | Place    | Note
-------+----------+-------------------------------------------
     0 | D:1      | Zenkrye the Octopode Transmuter began the quest for the
                  | Orb.
     0 | D:1      | Reached XP level 1. HP: 13/13 MP: 3/3
   370 | D:1      | Reached XP level 2. HP: 18/18 MP: 5/5
   951 | D:2      | Noticed Terence
   951 | D:2      | Noticed an ogre
   958 | D:3      | Noticed a sky beast
   992 | D:2      | Reached XP level 3. HP: 14/24 MP: 6/6
   996 | D:2      | Learned a level 3 spell: Spider Form
  1303 | D:2      | Noticed a phantom
  1322 | D:2      | HP: 1/24 [phantom (2)]
  1329 | D:2      | Mangled by a phantom

Illustrated notes

Levels and vault maps discovered:
D:1:      dpeg_arrival_renting, layout_basic
D:2:      layout_loops_ring, minmay_misc_feat_enclosed, nrook_mini_backslash,
          grunt_decor_cap, uniq_terence
D:3:      layout_rooms, mainiacjoe_overflow_alcove_2, corexii_corridor_pit,
          minivault_11, amethyst_killhole, kennysheep_orc_chapel

Action                   || total
-------------------------++-------
Melee: Unarmed           ||    65
       Constrict         ||    18
       Tentacles         ||    11
       Kick              ||     8
       Punch             ||     4
Throw: Stone             ||    35
 Cast: Beastly Appendage ||    15
       Spider Form       ||     2
  Use: Scroll            ||     4
       Potion            ||     1
 Stab: Sleeping          ||     7
Armor: Skin              ||     8
Dodge: Dodged            ||    36

Table legend: (Time is in decaauts)
 A = Elapsed time spent in this place.
 B = Non-inter-level travel time spent in this place.
 C = Inter-level travel time spent in this place.
 D = Time resting spent in this place.
 E = Time spent auto-exploring this place.
 F = Levels seen in this place.
 G = Mean time per level.
                   A        B        C        D        E       F      G
               +--------+--------+--------+--------+--------+-----+--------+
         Total |   1326 |   1307 |     19 |      5 |   1042 |   3 |  442.0 |
       Dungeon |   1326 |   1307 |     19 |      5 |   1042 |   3 |  442.0 |
               +--------+--------+--------+--------+--------+-----+--------+

Top non-repeatable levels by time:
     D:1: 909 daAuts
     D:2: 399 daAuts
     D:3: 17 daAuts
